 Dungeon Crawl Stone Soup version 0.18.1-48-g4cf74bf (webtiles) character file.

255 SedStubbie the Conjurer (level 5, -4/35 HPs)
             Began as a Mummy Conjurer on Aug 6, 2016.
             Killed from afar by an orc wizard (9 damage)
             ... with a puff of flame
             ... on level 3 of the Dungeon.
             The game lasted 00:13:03 (3557 turns).

SedStubbie the Conjurer (Mummy Conjurer)            Turns: 3557, Time: 00:13:06

Health: -4/35      AC:  2    Str: 11    XL:     5   Next: 91%
Magic:  1/10       EV: 12    Int: 16    God:
Gold:   202        SH:  0    Dex: 12    Spells: 3 memorised, 5 levels left

rFire  . . .     SeeInvis .     j - +0 quarterstaff
rCold  + . .     Gourm    .     a - +0 robe
rNeg   + + +     Faith    .     (shield currently unavailable)
rPois  ∞         Spirit   .     (no helmet)
rElec  .         Dismiss  .     (no cloak)
rCorr  .         Reflect  .     (no gloves)
SustAt .         Harm     .     (no boots)
MR     .....                    (no amulet)
Stlth  ++........               (no ring)
                                d - ring of protection from fire

@: very slightly contaminated, not resistant to hostile enchantments, unstealthy
A: no food or potions, fire vulnerability, cold resistance 1, negative energy
resistance 3, torment resistance, unbreathing
a: no special abilities


You were on level 3 of the Dungeon.
You were not hungry.

You visited 1 branch of the dungeon, and saw 3 of its levels.

You collected 202 gold pieces.

Inventory:

Hand Weapons
 j - a +0 quarterstaff (weapon)
Armour
 a - a +0 robe (worn)
 f - a +0 helmet
 g - a +0 helmet
 i - a +0 buckler
Jewellery
 c - an uncursed amulet of rage
 d - a ring of protection from fire (left hand)
Wands
 m - a wand of lightning (0/15)
Scrolls
 e - 3 scrolls of teleportation {unknown}
 h - 3 scrolls of identify {unknown}
 k - a scroll of enchant weapon {unknown}
 l - a scroll of magic mapping {unknown}
Books
 b - a book of Conjurations

   Spells                             Type                      Level
   a - Magic Dart                     Conjuration                  1
   b - Searing Ray                    Conjuration                  2
   c - Dazzling Spray                 Conjuration/Hexes            3
   d - Fulminant Prism                Conjuration/Hexes            4
   e - Iskenderun's Mystic Blast      Conjuration                  4
   f - Iskenderun's Battlesphere      Conjuration/Charms           5


   Skills:
 - Level 1.5 Dodging
 - Level 1.5 Stealth
 + Level 3.6 Spellcasting
 * Level 5.2 Conjurations


You had 5 spell levels left.
You knew the following spells:

 Your Spells              Type           Power        Failure   Level  Hunger
a - Magic Dart            Conj           ###.         1%          1    N/A
b - Searing Ray           Conj           ###...       3%          2    N/A
c - Dazzling Spray        Conj/Hex       ##....       17%         3    N/A

Dungeon Overview and Level Annotations

Branches:
Dungeon (3/15)

Altars:
Xom


Innate Abilities, Weirdness & Mutations

You do not eat or drink.
Your flesh is vulnerable to fire.
You are immune to poison.
Your flesh is cold resistant.
You are immune to negative energy.
You are immune to unholy pain and torment.
You can survive without breathing.


Message History

* * * LOW HITPOINT WARNING * * *
Evoke which item? (* to show all) (? for menu, Esc to quit)
Zapping:
m - a wand of lightning {zapped: 2} (will waste charges)
Press: ? - help, Shift-Dir - straight line, f/p - orc wizard
Aim: an orc wizard, wielding a dagger and wearing a robe (heavily wounded, fast)
You hear a mighty clap of thunder!
The bolt of lightning misses the orc wizard.
Evoking this partially-identified wand wasted a few charges.
The orc wizard misses you.
Evoke which item? (* to show all) (? for menu, Esc to quit)
Zapping:
m - a wand of lightning {zapped: 5} (will waste charges)
Press: ? - help, Shift-Dir - straight line, f/p - orc wizard
Aim: an orc wizard, wielding a dagger and wearing a robe (heavily wounded, fast)
You hear a mighty clap of thunder!
The bolt of lightning hits the orc wizard.
The orc wizard is severely wounded.
Evoking this partially-identified wand wasted a few charges.
The orc wizard casts a spell at you. The puff of flame hits you!
You die...

#.o.....#.# #.####### #.#
..........# #...o...# #.#
#########.# #######.# #.# #.#
#.# ##.#####.# #(## #)#
#....#...# #..# #.# ##.#.#.###
##.# #.### ###.#.# #.# #.o.#
#.#.# ######.# ###@# #.#.#
#..(...# #.# #[#.# #.###..#
#.# #.#.# #### #..# #.# #.#.#
≈≈≈# #..# #.# #.#[# ..≈#
#.(########.# #.#.#
..≈###...........#########.#.#
..≈'.##.#####...........÷).).#
..≈#..........################


You could see an orc wizard.

Vanquished Creatures
  A hungry ghost (D:3)
  An orc wizard (D:3)
  3 adders
  A dart slug (D:1)
  2 giant geckos
  15 orcs
  4 bats
  4 goblins
  4 hobgoblins
  7 jackals
  A quokka (D:3)
  2 ball pythons
  3 kobolds
  6 rats
54 creatures vanquished.

Notes
Turn   | Place    | Note
--------------------------------------------------------------
     0 | D:1      | SedStubbie the Mummy Conjurer began the quest for the Orb.
     0 | D:1      | Reached XP level 1. HP: 13/13 MP: 3/3
   298 | D:1      | Reached XP level 2. HP: 14/19 MP: 0/5
   945 | D:2      | Learned a level 2 spell: Searing Ray
  1192 | D:2      | Found a shimmering altar of Xom.
  1192 | D:2      | Found a shimmering altar of Xom.
  1207 | D:2      | Reached XP level 3. HP: 24/24 MP: 3/6
  1241 | D:2      | Found a shimmering altar of Xom.
  1746 | D:2      | Reached skill level 4 in Conjurations
  2172 | D:3      | Learned a level 3 spell: Dazzling Spray
  2355 | D:3      | Reached XP level 4. HP: 16/30 MP: 4/8
  2786 | D:3      | Noticed a hungry ghost
  2806 | D:3      | Killed a hungry ghost
  2806 | D:3      | Reached skill level 5 in Conjurations
  2806 | D:3      | Reached XP level 5. HP: 6/35 MP: 5/10
  3557 | D:3      | Killed from afar by an orc wizard

Skill      XL: |  1  2  3  4 |
---------------+-------------+-----
Conjurations   | 4 5 |  5.2
Spellcasting   | 3 |  3.6
Dodging        | |  1.5
Stealth        | |  1.5

Action                   |  1- 3 |  4- 6 || total
-------------------------+-------+-------++-------
Melee: Unarmed           |    20 |       ||    20
       Quarterstaff      |    34 |    58 ||    92
 Cast: Magic Dart        |    48 |    33 ||    81
       Searing Ray       |     4 |     1 ||     5
       Dazzling Spray    |     1 |     6 ||     7
Evoke: Wand              |       |     3 ||     3
 Stab: Sleeping          |     1 |       ||     1
Armor: Robe              |    18 |     8 ||    26
Dodge: Dodged            |    94 |    53 ||   147
